 Dungeon Crawl Stone Soup version 0.29.0-4-gdea44cf6ec (webtiles) character file.

Game seed: 2714627945753929882

33 qw the Chopper (level 3, -2/21 HPs)
             Began as a Tengu Warper on Aug 28, 2022.
             Slain by a gnoll
             ... wielding a +0 club
              (4 damage)
             ... on level 2 of the Dungeon.
             The game lasted 00:00:07 (1700 turns).

qw the Chopper (Tengu Warper)                       Turns: 1700, Time: 00:00:08

Health: -2/21      AC:  3    Str: 13    XL:     3   Next: 29%
Magic:  7/7        EV: 12    Int: 13    God:
Gold:   43         SH:  0    Dex: 13    Spells: 6/6 levels left

rFire   . . .      SeeInvis .   Y - +0 hand axe
rCold   . . .      Faith    .   (no shield)
rNeg    . . .      Spirit   .   b - +0 leather armour
rPois   .          Reflect  .   (helmet restricted)
rElec   .          Harm     .   (no cloak)
rCorr   .          Rampage  .   (no gloves)
Will    .....                   (boots unavailable)
Stlth   +.........              (no amulet)
HPRegen 0.07/turn               (no ring)
MPRegen 0.10/turn               (no ring)

@: about to teleport
A: beak, talons 3
a: no special abilities


You were on level 2 of the Dungeon.
You visited 1 branch of the dungeon, and saw 2 of its levels.

You collected 43 gold pieces.


Innate Abilities, Weirdness & Mutations

You have a beak for a mouth.
You have claws for feet.


   Skills:
 - Level 2.0 Fighting
 + Level 4.0 Axes
 - Level 1.0 Throwing
 - Level 1.1 Armour
 - Level 2.1 Dodging
 - Level 2.0 Spellcasting
 - Level 2.4 Translocations


You had 6 spell levels left.
You didn't know any spells.
Your spell library contained the following spells:

 Spells                   Type           Power      Damage    Failure   Level
 Blink                    Tloc           14%        N/A       19%         2
 Gell's Gravitas          Tloc           7%         N/A       36%         3
 Lesser Beckoning         Tloc           7%         N/A       36%         3
 Teleport Other           Tloc           7%         N/A       36%         3
 Manifold Assault         Tloc           7%         N/A       98%         5

Inventory:

Hand Weapons
 g - a +0 whip
 Y - a +0 hand axe (weapon)
Armour
 b - a +0 leather armour (worn)
Jewellery
 i - a ring of ice
Scrolls
 a - a scroll of identify
 e - a scroll of teleportation
Potions
 h - a potion of might {unknown}

Dungeon Overview and Level Annotations

Branches:
Dungeon (2/15)

Altars:

Shops:
D:1 ?


Message History

Your Axes skill increases to level 4!
You start resting.
HP restored.
Found an escape hatch in the floor.
Enter note:
Enter note:
Found 3 datura-tipped darts.
A goblin comes into view. It is wielding a +0 club.
The goblin shouts!
You hit the goblin.
You kill the goblin!
A gnoll comes into view. It is wielding a +0 club.
1687 ||| Stepping ~*~*~tactically~*~*~ (stealth). 3 gnolls come into view.
The gnoll moves out of view.
1689 ||| Stepping ~*~*~tactically~*~*~ (stealth).
The gnoll shouts!
You hear a shout!
1691 ||| Stepping ~*~*~tactically~*~*~ (hiding).
You start waiting.
A gnoll is nearby!
The gnoll hits you from afar with a +0 spear.
The gnoll closely misses you. The gnoll hits you with a +0 spear.
You barely miss the gnoll.
The gnoll hits you from afar with a +0 spear.
The gnoll closely misses you.
You hit the gnoll but do no damage. Your kick misses the gnoll.
Your peck misses the gnoll. The gnoll hits you but does no damage.
A gnoll comes into view. It is wielding a +0 flail.
The gnoll hits you with a +0 spear.
1699 ||| READING 2 scrolls of teleportation.
As you read the scroll of teleportation, it crumbles to dust.
You feel strangely unstable.
The gnoll hits you from afar with a +0 spear.
The gnoll hits you with a +0 spear.
You hit the gnoll. Your kick misses the gnoll. Your peck misses the gnoll.
The gnoll is lightly wounded.
You hit the gnoll but do no damage. The gnoll completely misses you.
The gnoll hits you with a +0 club.
You die...

#..###....##.#
#.........##.#
##.###..####.#
#..# #.#
#.###..####.#
#.........#..
#.###..##.###
#....)g##.####
#.....@.g.g..#
..........g.....#
####.##########..
#. #


You could see 4 gnolls.

Vanquished Creatures
  2 endoplasms (D:1)
  3 hobgoblins (D:1)
  2 jackals
  5 kobolds (D:1)
  3 quokkas
  5 bats (D:1)
  2 frilled lizards (D:1)
  5 goblins
  2 rats (D:1)
29 creatures vanquished.

Notes
Turn   | Place    | Note
-------+----------+-------------------------------------------
     0 | D:1      | qw the Tengu Warper began the quest for the Orb.
     0 | D:1      | Reached XP level 1. HP: 12/12 MP: 4/4
     0 | D:1      | 0 ||| qw: Version: 0.1-a-89-g26bdef1
     0 | D:1      | 0 ||| qw: Game counter: 2112
     0 | D:1      | 0 ||| qw: Always use a shield: true
     0 | D:1      | 0 ||| qw: God list: Okawaru
     0 | D:1      | 0 ||| qw: Allow faded altars: false
     0 | D:1      | 0 ||| qw: Do Orc after D:15 true
     0 | D:1      | 0 ||| qw: Do second Lair branch before Depths: true
     0 | D:1      | 0 ||| qw: Lair rune preference: random
     0 | D:1      | 0 ||| qw: Plans: Normal
     0 | D:1      | 0 ||| PLANNING D:1-11
   101 | D:1      | Found Dehyczaff's Magic Scroll Shop.
   107 | D:1      | 107 ||| SHOPLISTING scroll of brand weapon (133 gold, have
                  | 6).
   107 | D:1      | 107 ||| SHOPLISTING scroll of enchant armour (105 gold,
                  | have 6).
   107 | D:1      | 107 ||| SHOPLISTING scroll of identify (28 gold, have 6).
   218 | D:1      | Reached XP level 2. HP: 17/17 MP: 6/6
   247 | D:1      | Reached skill level 3 in Axes
  1041 | D:1      | Reached XP level 3. HP: 21/21 MP: 7/7
  1461 | D:1      | 1461 ||| READING 2 scrolls labelled JOIZIN YPLYISE.
  1462 | D:1      | 1462 ||| READING 3 scrolls labelled HORGHY JUPHIMPIBB.
  1467 | D:1      | 1467 ||| READING scroll labelled EMUESILOUBB.
  1468 | D:1      | 1468 ||| DRINKING 2 brown potions.
  1469 | D:1      | 1469 ||| DROPPING scroll of blinking.
  1470 | D:1      | 1470 ||| DROPPING potion of magic.
  1485 | D:2      | Found a faded altar of an unknown god.
  1487 | D:2      | 1487 ||| STAIRDANCE
  1569 | D:2      | Reached skill level 4 in Axes
  1687 | D:2      | 1687 ||| Stepping ~*~*~tactically~*~*~ (stealth).
  1689 | D:2      | 1689 ||| Stepping ~*~*~tactically~*~*~ (stealth).
  1691 | D:2      | 1691 ||| Stepping ~*~*~tactically~*~*~ (hiding).
  1698 | D:2      | HP: 5/21 [gnoll/+0 spear (4)]
  1699 | D:2      | 1699 ||| READING 2 scrolls of teleportation.
  1699 | D:2      | HP: 2/21 [gnoll/+0 spear (1)]
  1700 | D:2      | Slain by a gnoll

Levels and vault maps discovered:
D:1:      denvon_arrival_waterhouse, layout_basic, serial_shops, shop
D:2:      layout_loops_ring, basic_ecumenical_altar, kennysheep_generic_room_13

Skill      XL: |  1  2  3 |
---------------+----------+-----
Axes           | 3 4 |  4.0
Fighting       | |  2.0
Throwing       | |  1.0
Armour         | |  1.1
Dodging        | |  2.1
Spellcasting   | |  2.0
Translocations | |  2.4

Action                   || total
-------------------------++-------
Melee: Hand axe          ||    67
       Kick              ||     8
       Peck              ||     1
Throw: Boomerang         ||     7
  Use: Scroll            ||     4
       Potion            ||     1
 Stab: Sleeping          ||     1
Armor: Leather armour    ||    16
Dodge: Dodged            ||    48

Table legend:
 A = Non-vault XP
 B = Vault XP
 C = Vault XP percentage of total XP
 D = Non-vault monster count
 E = Vault monster count
 F = Vault count percentage of total count
                 A         B        C        D         E       F
            +---------+---------+-------+---------+---------+-------
      Total |      48 |       0 |   0.0 |      29 |       0 |   0.0
            +---------+---------+-------+---------+---------+-------
        D:1 |      42 |       0 |   0.0 |      26 |       0 |   0.0
        D:2 |       6 |       0 |   0.0 |       3 |       0 |   0.0
            +---------+---------+-------+---------+---------+-------
